 Dungeon Crawl Stone Soup version 0.30-a0-883-g5ad918d77d (webtiles) character file.

Game seed: 1018555331535013782

200 jasper the Magician (level 6, -1/40 HPs)
             Began as a Djinni Venom Mage on Mar 16, 2023.
             Killed from afar by Dowan (27 damage)
             ... with a shard of ice
             ... on level 4 of the Dungeon.
             The game lasted 00:04:31 (2255 turns).

jasper the Magician (Djinni Venom Mage)             Turns: 2255, Time: 00:04:31

Health: -1/40      AC:  3    Str: 13    XL:     6   Next: 6%
Gold:   44         EV: 12    Int: 18    God:
                   SH:  0    Dex: 14

rFire   + + .      SeeInvis .    n - +1 sling (drain)
rCold   x . .      Faith    .    (no shield)
rNeg    . . .      Spirit   .    a - +1 robe
rPois   ∞          Reflect  .    (no helmet)
rElec   .          Rampage  .    (no cloak)
rCorr   .                        (no gloves)
Will    .....                    (boots unavailable)
Stlth   ++                       (no amulet)
HPRegen 0.26/turn                b - +6 ring of strength
MPRegen 0.00/turn                (no ring)

@: flying
A: sickness immunity, fire resistance 2, cold vulnerability 1, float, innate
caster, HP casting, extra vitality 1
a: no special abilities


You were on level 4 of the Dungeon.
You visited 1 branch of the dungeon, and saw 4 of its levels.

You collected 44 gold pieces.

Inventory:

Hand Weapons
 e - a +0 trident
 i - a +2 dagger of venom
 n - a +1 sling of draining (weapon)
Missiles
 c - 26 stones
 g - 2 poisoned darts
 k - 3 javelins
 m - 3 boomerangs
Armour
 a - a +1 robe (worn)
Jewellery
 b - a +6 ring of strength (left hand)
Wands
 d - a wand of roots (10)
Scrolls
 f - a scroll of teleportation {unknown}
 o - a scroll of immolation
 p - a scroll of summoning
 q - a scroll of torment
Potions
 h - a potion of cancellation
 j - a potion of curing
 l - a potion of ambrosia


   Skills:
 - Level 2.1 Dodging
 - Level 1.5 Stealth
 + Level 4.8 Spellcasting


You knew the following spells:

 Your Spells              Type           Power      Damage    Failure   Level
a - Sting                 Tmut/Pois      84%        1d7       1%          1
b - Poisonous Vapours     Pois/Air       42%        N/A       2%          2
c - Mephitic Cloud        Conj/Pois/Air  21%        N/A       5%          3
d - Olgreb's Toxic Radia  Pois           21%        N/A       19%         4
e - Kiss of Death         Conj/Necr      84%        2d11      1%          1
f - Wereblood             Tmut           21%        N/A       2%          2
Your spell library was empty.

Dungeon Overview and Level Annotations

Branches:
Dungeon (4/15)
 Temple: D:4-7

Altars:

Shops:
D:2 (

Annotations:
D:2 Jessica
D:4 Dowan


Innate Abilities, Weirdness & Mutations

You are immune to sickness and miasma.
You are immune to poison.
Your flesh is very heat resistant. (rF++)
You are vulnerable to cold. (rC-)
You float through the air rather than walking.
You learn spells naturally, not from books.
Your magical power is your life essence.
You have superior vitality. (+4 MHP)


Message History

You have reached level 5!
The power to cast Wereblood wells up from within.
Spell assigned to 'f'.
You have reached level 6!
You regained 8 hp, and now have 33/40 hp.
You start resting.
Dowan is nearby!
Casting: Poisonous Vapours (safe; 2% risk of failure)
Confirm with . or Enter, or press ? or * to list all spells.
Aiming: Poisonous Vapours (safe; 2% risk of failure)
Press: ? - help, Dir - move target, f - Dowan
Aim: Dowan, wielding a +0 dagger and wearing a +0 robe (heavily wounded) Poisonous vapours surround Dowan!
Dowan is poisoned.
Dowan seems to find hidden reserves of power!
You take 1 damage, and have 33/40 hp.
Fire: n) +1 sling (drain)
Press: ? - help, Q - select action, (/) - cycle Shift-Dir - straight line, f/p - Dowan
Aim: Dowan, wielding a +0 dagger and wearing a +0 robe (heavily wounded, fast, very poisoned, 43% to hit)
You shoot a sling bullet. The sling bullet barely misses Dowan.
Dowan hits you with a +0 dagger.
You take 4 damage, and have 29/40 hp.
Fire: n) +1 sling (drain)
Press: ? - help, Q - select action, (/) - cycle Shift-Dir - straight line, f/p - Dowan
Aim: Dowan, wielding a +0 dagger and wearing a +0 robe (heavily wounded, fast, very poisoned, 43% to hit)
You shoot a sling bullet. The sling bullet misses Dowan.
Dowan hits you with a +0 dagger.
Dowan mumbles some strange words.
Dowan blinks!
You take 3 damage, and have 26/40 hp.
Casting: Poisonous Vapours (safe; 2% risk of failure)
Confirm with . or Enter, or press ? or * to list all spells.
Aiming: Sting (safe; 1% risk of failure)
Press: ? - help, Shift-Dir - straight line, f/p - Dowan
Aim: Dowan, wielding a +0 dagger and wearing a +0 robe (severely wounded, fast, very poisoned, 67% to hit)
The sting hits Dowan.
Dowan looks even sicker.
Dowan is almost dead.
Dowan gestures at you while chanting. The shard of ice hits you!!
You feel a painful chill!
Ouch! That really hurt!
You die...

###...########.# #.#.#.....# ###
.............#.###.#.#.....#
...........................# ###
..................##.#.....# #..
#.#...#)####.#.#..##.#.....# #.#
#.#...#.# #.#.......####### #.#
#.......# #.#....#### #.#
#.#...#.# #.#.##.#############.#
#.#...#.####..)§@......#.. .>.#.#
#.............#..e####.#.####.#..
#.#....)..#..###....##.#.##......
..#.###...#...#..##.........#.###
#:..e.......#....#####.#.####.# #
#...####..#.###..#####.#......# #
............##.#....†..######## #
#.#...........###.######
#.##.#####...## ##.#


You could see Dowan (fast, very poisoned).

Vanquished Creatures
  Duvessa (D:4)
  A hound (D:4)
  2 gnolls (D:4)
  A worm (D:4)
  4 endoplasms
  4 giant cockroaches
  4 goblins
  3 hobgoblins
  4 quokkas
  7 ball pythons
  A bat (D:1)
  3 frilled lizards
  3 kobolds
  4 rats
42 creatures vanquished.

Notes
Turn   | Place    | Note
-------+----------+-------------------------------------------
     0 | D:1      | jasper the Djinni Venom Mage began the quest for the Orb.
     0 | D:1      | jasper set off with the following spells memorised: Sting,
                  | Poisonous Vapours, Mephitic Cloud, Olgreb's Toxic Radiance.
     0 | D:1      | Reached XP level 1. HP: 15/15 MP: 0/0
    50 | D:1      | You are sucked into a shaft and drop 1 floor!
   104 | D:2      | Noticed Jessica
   285 | D:1      | Reached XP level 2. HP: 20/21 MP: 0/0
   615 | D:1      | Reached skill level 3 in Spellcasting
  1192 | D:2      | Found Loxoeg's Antique Weapon Emporium.
  1222 | D:2      | Reached XP level 3. HP: 24/25 MP: 0/0
  1222 | D:2      | Learned a level 1 spell: Kiss of Death
  2113 | D:4      | Noticed Duvessa
  2123 | D:4      | Reached XP level 4. HP: 26/31 MP: 0/0
  2131 | D:4      | Reached skill level 4 in Spellcasting
  2206 | D:4      | Noticed Dowan
  2247 | D:4      | Killed Duvessa
  2248 | D:4      | Reached XP level 5. HP: 29/35 MP: 0/0
  2248 | D:4      | Learned a level 2 spell: Wereblood
  2248 | D:4      | Reached XP level 6. HP: 33/40 MP: 0/0
  2255 | D:4      | Killed from afar by Dowan

Illustrated notes

Levels and vault maps discovered:
D:1:      evilmike_arrival_rings, layout_basic
D:2:      layout_loops_ring, serial_shops, nicolae_shop_stone, uniq_jessica
D:3:      layout_loops_ring
D:4:      layout_loops_cross, mainiacjoe_overflow_brackets,
          amcnicky_altar_gilded, zin_purify, chequers_hall_statues_wall_a,
          chequers_serial_rivers_small_b, uniq_duvessa

Skill      XL: |  1  2  3  4 |
---------------+-------------+-----
Spellcasting   | 3 4 |  4.8
Dodging        | |  2.1
Stealth        | |  1.5

Action                     |  1- 3 |  4- 6 || total
---------------------------+-------+-------++-------
  Melee: Trident           |    35 |       ||    35
   Fire: Sling             |    24 |     6 ||    30
   Cast: Sting             |    22 |     2 ||    24
         Poisonous Vapours |    11 |     9 ||    20
         Olgreb's Toxic Ra |       |     1 ||     1
    Use: Scroll            |     9 |       ||     9
   Stab: Sleeping          |     1 |       ||     1
 Armour: Robe              |     8 |     1 ||     9
  Dodge: Dodged            |    33 |     1 ||    34

Table legend: (Time is in decaauts)
 A = Elapsed time spent in this place.
 B = Non-inter-level travel time spent in this place.
 C = Inter-level travel time spent in this place.
 D = Time resting spent in this place.
 E = Time spent auto-exploring this place.
 F = Levels seen in this place.
 G = Mean time per level.
                   A        B        C        D        E       F      G
               +--------+--------+--------+--------+--------+-----+--------+
         Total |   2275 |   2177 |     98 |    239 |   1473 |   4 |  568.8 |
       Dungeon |   2275 |   2177 |     98 |    239 |   1473 |   4 |  568.8 |
               +--------+--------+--------+--------+--------+-----+--------+

Top non-repeatable levels by time:
     D:1: 1004 daAuts
     D:3: 693 daAuts
     D:4: 316 daAuts
     D:2: 261 daAuts
